 Dungeon Crawl Stone Soup version 0.30-a0-172-gc5509c9e31 (webtiles) character file.

Game seed: 7060702293736484544

1617 Zariche the Carver (level 8, -1/65 (70) HPs)
             Began as a Minotaur Berserker on Oct 1, 2022.
             Was a High Priest of Trog.
             Slain by a wight
             ... wielding a +0 spear
              (3 damage)
             ... on level 6 of the Dungeon.
             The game lasted 00:35:07 (4037 turns).

Zariche the Carver (Minotaur Berserker)             Turns: 4037, Time: 00:35:08

HP:   -1/65 (70)    AC:  9    Str: 24      XL:     8   Next: 64%
MP:   16/16         EV: 11    Int:  4      God:    Trog [*****.]
Gold: 289           SH:  0    Dex:  9 (10) Spells: 7/7 levels left

rFire   + . .      SeeInvis .    D - +0 hand axe (vorpal)
rCold   . . .      Faith    .    (no shield)
rNeg    . . .      Spirit   .    q - +0 scale mail
rPois   .          Reflect  .    (helmet restricted)
rElec   .          Harm     .    (no cloak)
rCorr   .          Rampage  .    o - +0 pair of gloves
Will    .....                    (no boots)
Stlth   ..........               c - amulet of regeneration
HPRegen 1.10/turn                b - ring of magical power
MPRegen 0.15/turn                t - ring of protection from fire

@: drained
A: horns 2, retaliatory headbutt
a: Renounce Religion, Berserk, Trog's Hand, Brothers in Arms


You were on level 6 of the Dungeon.
You worshipped Trog.
Trog was extremely pleased with you.
You visited 1 branch of the dungeon, and saw 6 of its levels.

You collected 289 gold pieces.

Inventory:

Hand Weapons
 a - a +0 falchion of flaming
 D - a +0 vorpal hand axe (weapon)
Missiles
 l - a throwing net (quivered)
Armour
 o - a +0 pair of gloves (worn)
 q - a +0 scale mail (worn)
Jewellery
 b - a ring of magical power (left hand)
 c - an amulet of regeneration (around neck)
 t - a ring of protection from fire (right hand)
 y - a ring of willpower
 B - an amulet of faith
 C - a ring of fire
Wands
 w - a wand of paralysis (8)
Scrolls
 d - a scroll of acquirement {unknown}
 g - 4 scrolls of identify
 i - a scroll of brand weapon
 k - a scroll of fear {unknown}
 p - 2 scrolls of vulnerability {unknown}
 s - a scroll of teleportation
 x - a scroll of fog {unknown}
 z - a scroll of immolation {unknown}
Potions
 e - a potion of flight {unknown}
 f - a potion of cancellation {unknown}
 h - a potion of brilliance {unknown}
 j - 2 potions of curing {unknown}
 m - 3 potions of haste {unknown}
 n - a potion of degeneration
 r - a potion of heal wounds {unknown}
 v - a potion of magic {unknown}
Miscellaneous
 u - a lightning rod (4/4)


   Skills:
 + Level 6.2 Fighting
 + Level 8.4 Long Blades
 + Level 4.2 Axes
 + Level 6.5 Armour
 + Level 5.3 Dodging
 + Level 0.9 Stealth


You had 7 spell levels left.
You didn't know any spells.
Your spell library contained the following spells:

 Spells                   Type           Power      Damage    Failure   Level
 Slow                     Hex            0%         N/A       77%         1
 Confusing Touch          Hex            0%         N/A       98%         3
 Frozen Ramparts          Ice            0%         1d1       98%         3
 Summon Guardian Golem    Hex/Summ       0%         N/A       98%         3
 Vampiric Draining        Necr           0%         2d6       98%         3
 Ice Form                 Ice/Tmut       0%         N/A       100%        4
 Summon Ice Beast         Ice/Summ       0%         N/A       100%        4
 Orb of Destruction       Conj           0%         9d5       100%        7
 Spellforged Servitor     Conj/Summ      0%         N/A       100%        7


Dungeon Overview and Level Annotations

Branches:
Dungeon (6/15)             Temple (0/1) D:4

Altars:

Shops:
D:4 :

Annotations:
D:4 2 runed translucent doors


Innate Abilities, Weirdness & Mutations

You have a pair of horns on your head.
You reflexively headbutt those who attack you in melee.


Message History

You hit the wight.
You destroy the wight!
Trog accepts your kill.
You hit the wight.
The centaur shoots an arrow.
The arrow hits you but does no damage.
The centaur shoots an arrow.
The arrow hits you!
You feel your dexterity returning.
Your life force feels restored.
There are monsters nearby!
Unknown command.
You hit the wight but do no damage.
The wight is moderately damaged.
The centaur shoots an arrow.
The arrow hits you.
The wight hits you from afar with a +0 spear.
You feel drained. The wight hits you with a +0 hand axe.
You feel drained.
The centaur shoots an arrow.
The arrow hits you but does no damage.
You are too injured to fight recklessly!
You are too injured to fight recklessly!
You are too injured to fight recklessly!
You slash the wight!
You destroy the wight!
Trog accepts your kill.
The centaur shoots an arrow.
The arrow closely misses you.
The wight hits you from afar with a +0 spear.
You feel drained.
You barely miss the wight. The wight barely misses you.
You furiously retaliate!
You headbutt the wight! The wight barely misses you.
The centaur shoots an arrow.
The arrow hits you.
The wight hits you from afar with a +0 spear!
The wight hits you with a +0 war axe.
* * * LOW HITPOINT WARNING * * *
You slash the wight!
You destroy the wight!
Trog accepts your kill.
The centaur shoots an arrow.
The arrow hits you but does no damage.
The centaur shoots an arrow.
The arrow hits you!
* * * LOW HITPOINT WARNING * * *
The wight hits you from afar with a +0 spear!
* * * LOW HITPOINT WARNING * * *
You feel drained.
You die...

#....#..#.#...### ##
#....#.......###.
##.##.......†.>....##
##..........#...##....
###......)....#....#..#.
.........#......##.#.##.
.........###.#..#.....#.
........#######.........
......)@.....##....##...
......).............##..
......cz....#...........
...........###..........
...........# #..........
............ #..........
....#........ ..........
....##.......#..###.....
. ###...


You could see a centaur and a wight.

Vanquished Creatures
  Eustachio (D:4)
  An orc warrior (D:6)
  A sky beast (D:6)
  3 ogres
  A phantom (D:4)
  A scorpion (D:5)
  5 wights
  A hound (D:5)
  An orc priest (D:3)
  A jelly (D:4)
  Jessica (D:2)
  3 iguanas
  Natasha (twice) (D:2)
  6 orc wizards
  A hound zombie (D:3)
  Robin (D:4)
  4 gnolls
  4 adders
  2 white imps
  2 ufetubi (D:4)
  An adder zombie (D:3)
  2 adder skeletons (D:3)
  3 worms (D:2)
  2 dart slugs
  28 orcs
  11 ball pythons
  3 endoplasms
  3 giant cockroaches (D:4)
  17 goblins
  13 hobgoblins
  6 jackals
  6 quokkas
  A ball python skeleton (D:3)
  2 bats
  2 frilled lizards
  8 kobolds
  2 quokka zombies (D:3)
  12 rats
164 creatures vanquished.

Vanquished Creatures (others)
  A plant (D:1)
  A withered plant (D:3)
2 creatures vanquished.

Grand Total: 166 creatures vanquished

Notes
Turn   | Place    | Note
-------+----------+-------------------------------------------
     0 | D:1      | Zariche the Minotaur Berserker began the quest for the Orb.
     0 | D:1      | Reached XP level 1. HP: 19/19 MP: 0/0
   127 | D:1      | Reached XP level 2. HP: 27/27 MP: 1/1
   137 | D:1      | Found a faded altar of an unknown god.
   152 | D:1      | Reached skill level 4 in Long Blades
   670 | D:2      | Reached XP level 3. HP: 20/33 MP: 2/2
   735 | D:2      | Noticed Natasha
   741 | D:2      | Killed Natasha
   801 | D:2      | Reached ** piety under Trog
   811 | D:2      | Reached XP level 4. HP: 41/41 MP: 3/3
   865 | D:2      | Noticed Jessica
   869 | D:2      | Killed Jessica
   892 | D:2      | Reached skill level 5 in Long Blades
   894 | D:2      | Noticed Natasha
   902 | D:2      | Killed Natasha
   989 | D:2      | Reached XP level 5. HP: 47/47 MP: 4/4
  1424 | D:3      | Reached XP level 6. HP: 35/55 MP: 5/5
  1499 | D:3      | Reached *** piety under Trog
  1598 | D:4      | Noticed Eustachio
  1615 | D:4      | Killed Eustachio
  1616 | D:4      | Reached skill level 5 in Fighting
  1616 | D:4      | Reached skill level 6 in Long Blades
  1786 | D:4      | Noticed Robin
  1791 | D:4      | Reached XP level 7. HP: 61/61 MP: 6/6
  1797 | D:4      | Killed Robin
  1861 | D:4      | Found Supp's Book Shoppe.
  2134 | D:4      | Reached **** piety under Trog
  2241 | D:4      | Found a large runed translucent door.
  2241 | D:4      | Found a large runed translucent door.
  2366 | D:4      | Found a large runed translucent door.
  2366 | D:4      | Found a large runed translucent door.
  2387 | D:4      | Reached skill level 7 in Long Blades
  2404 | D:4      | Reached skill level 5 in Armour
  2462 | D:4      | Found a staircase to the Ecumenical Temple.
  2536 | D:4      | Reached skill level 1 in Axes
  2600 | D:4      | Identified the +0 robe "Juiluiz" {Dex+5 Stlth+}
  2700 | D:4      | Reached XP level 8. HP: 70/70 MP: 7/7
  2714 | D:4      | Identified the +2 robe of Yschofyli {Fly rElec rPois rF-}
  2721 | D:4      | Identified the +5 dagger "Ufyplog" {vorpal, Int+4 Dex+3
                  | Stlth+}
  2838 | D:5      | Entered Level 5 of the Dungeon
  3039 | D:5      | Reached skill level 8 in Long Blades
  3127 | D:5      | Reached skill level 5 in Dodging
  3968 | D:6      | Reached ***** piety under Trog
  4037 | D:6      | HP: 2/67 [wight/+0 spear (7)]
  4037 | D:6      | Slain by a wight

Illustrated notes

Levels and vault maps discovered:
D:1:      lightli_arrival_flooded_house, layout_basic,
          ebering_ecumenical_altar_webs
D:2:      layout_basic, uniq_crazy_yiuf_cottage, uniq_jessica, uniq_natasha
D:3:      layout_rooms, serial_undead, serial_undead_a, serial_undead_a,
          serial_undead_f, serial_undead_f
D:4:      layout_basic, minmay_temple_entry_nine_rooms, serial_shops, shop,
          minmay_hollow_rounded_squares, uniq_eustachio, uniq_robin
D:5:      layout_basic, kennysheep_generic_room_11
D:6:      layout_cave_pools

Skill      XL: |  1  2  3  4  5  6  7  8 |
---------------+-------------------------+-----
Long Blades    | 4 5 6 7 8 |  8.4
Fighting       | 4 5 6 |  6.2
Armour         | 3 4 5 6 |  6.5
Dodging        | 3 4 5 |  5.3
Axes           | 2 4 |  4.2
Stealth        | |  0.9

Action                   |  1- 3 |  4- 6 |  7- 9 || total
-------------------------+-------+-------+-------++-------
Melee: Falchion          |    91 |   165 |    46 ||   302
       Headbutt          |    12 |    24 |    46 ||    82
       Punch             |       |     2 |     1 ||     3
       Hand axe          |       |       |   171 ||   171
  Use: Scroll            |     2 |     3 |       ||     5
       Potion            |       |       |     1 ||     1
Armor: Animal skin       |     2 |       |       ||     2
       Ring mail         |    22 |    67 |       ||    89
       Scale mail        |       |     5 |    99 ||   104
Dodge: Dodged            |    73 |   117 |    94 ||   284

Table legend: (Time is in decaauts)
 A = Elapsed time spent in this place.
 B = Non-inter-level travel time spent in this place.
 C = Inter-level travel time spent in this place.
 D = Time resting spent in this place.
 E = Time spent auto-exploring this place.
 F = Levels seen in this place.
 G = Mean time per level.
                   A        B        C        D        E       F      G
               +--------+--------+--------+--------+--------+-----+--------+
         Total |   4074 |   2521 |   1553 |     39 |   1510 |   6 |  679.0 |
       Dungeon |   4074 |   2521 |   1553 |     39 |   1510 |   6 |  679.0 |
               +--------+--------+--------+--------+--------+-----+--------+

Top non-repeatable levels by time:
     D:4: 1298 daAuts
     D:5: 922 daAuts
     D:1: 662 daAuts
     D:2: 464 daAuts
     D:3: 440 daAuts
     D:6: 286 daAuts
